 Dungeon Crawl Stone Soup version 0.28-a0-751-gef3a642a4e (webtiles) character file.

Game seed: 15185510638707977290

100 willcat the Skirmisher (level 4, -29/45 HPs)
             Began as a Troll Delver on Oct 30, 2021.
             Hit by a large rock thrown by a cyclops (32 damage)
             ... on level 6 of the Dungeon.
             The game lasted 00:00:17 (77 turns).

willcat the Skirmisher (Troll Delver)                 Turns: 77, Time: 00:00:17

Health: -29/45     AC:  4    Str: 21    XL:     4   Next: 46%
Magic:  3/3        EV: 10    Int:  6    God:
Gold:   0          SH:  0    Dex: 11    Spells: 3/3 levels left

rFire   . . .      SeeInvis .     - Unarmed
rCold   . . .      Faith    .   (no shield)
rNeg    . . .      Spirit   .   a - +0 robe
rPois   .          Reflect  .   (helmet restricted)
rElec   .          Harm     .   (no cloak)
rCorr   .          Rampage  .   (gloves unavailable)
Will    .....                   (boots unavailable)
Stlth   ++........              (no amulet)
HPRegen 1.15/turn               (no ring)
MPRegen 0.08/turn               (no ring)

@: no status effects
A: large, unfitting armour, claws 3, regeneration 1, shaggy fur 1, tough skin 1
a: no special abilities


You were on level 6 of the Dungeon.
You visited 1 branch of the dungeon, and saw 2 of its levels.

Inventory:

Armour
 a - a +0 robe (worn)
Wands
 f - a wand of digging (3)
Scrolls
 b - a scroll of fog
 c - a scroll of magic mapping
 d - a scroll of fear
Potions
 e - a potion of haste


   Skills:
 + Level 3.2 Fighting
 + Level 2.5 Dodging
 - Level 2.7 Stealth
 + Level 3.1 Unarmed Combat


You had 3 spell levels left.
You didn't know any spells.
Your spell library was empty.

Dungeon Overview and Level Annotations

Branches:
Dungeon (6/15)
 Temple: D:4-7

Altars:


Innate Abilities, Weirdness & Mutations

You are too large for most types of armour.
You have claws for hands.
Your natural rate of healing is unusually fast.
You are covered in fur. (AC +1)
You have tough skin. (AC +1)


Message History

You closely miss the orc wizard.
The orc wizard is severely wounded.
The orc wizard casts a spell.
The orc wizard flickers and vanishes!
Deactivating autopickup; reactivate with Ctrl-A.
The orc closely misses you. The orc hits you with a +0 hand axe.
You closely miss the orc. The orc hits you with a +0 trident.
You hear some strange, mumbled words.
A puff of flame appears from out of thin air!
The puff of flame misses you. The orc hits you but does no damage.
You scratch the orc.
The orc is severely wounded.
The orc hits you with a +0 trident. Something hits you.
The orc hits you with a +0 hand axe.
You claw the orc!
You kill the orc!
You claw the orc!
You kill the orc!
Something hits you but does no damage.
You closely miss something. Something hits you.
You miss something.
You hear some strange, mumbled words.
Something tries to affect you, but you resist.
You closely miss something. Something hits you but does no damage.
You closely miss something. Something hits you.
You completely miss something. Something hits you.
You claw something!
Reactivating autopickup.
You feel a bit more experienced.
Things that are here:
a +0 dagger; a +0 robe; an orc corpse
Things that are here:
a +0 hand axe; a +0 leather armour; an orc corpse A cyclops comes into view.
The cyclops throws a large rock.
The large rock hits you!!
Ouch! That really hurt!
* * * LOW HITPOINT WARNING * * *
The cyclops throws a large rock.
The large rock hits you!!
Ouch! That really hurt!
You die...

##### ### C.. ...
#.# #######.######
##@###..)).#.#.....
#......).###.###...
######.##.##.##.#..
#.###.....###. #.#
##...## .. #.#
#.....# ..
#.##.##.##.##.
#.#.# #.# #.#. #.#.
#.# ...


You could see a cyclops.

Vanquished Creatures
  2 bullfrog zombies (D:6)
  An orc wizard (D:6)
  An ufetubus (D:6)
  2 orcs (D:6)
6 creatures vanquished.

Notes
Turn   | Place    | Note
-------+----------+-------------------------------------------
     0 | D:5      | willcat the Troll Delver began the quest for the Orb.
     0 | D:5      | Reached XP level 1. HP: 22/22 MP: 0/0
    30 | D:6      | Reached XP level 2. HP: 25/29 MP: 1/1
    30 | D:6      | Reached XP level 3. HP: 32/36 MP: 2/2
    45 | D:6      | Reached XP level 4. HP: 37/45 MP: 3/3
    76 | D:6      | Noticed a cyclops
    76 | D:6      | HP: 1/45 [cyclops/large rock (34)]
    77 | D:6      | Hit by a large rock thrown by a cyclops

Illustrated notes

Levels and vault maps discovered:
D:5:      layout_loops_cross, wad_floor_pattern_2, uniq_sigmund,
          uniq_crazy_yiuf_cottage, uniq_prince_ribbit1
D:6:      layout_basic, kennysheep_doodads, hex_intersection

Skill      XL: |  1  2  3 |
---------------+----------+-----
Dodging        | 2 |  2.5
Fighting       | 3 |  3.2
Unarmed Combat | 3 |  3.1
Stealth        | |  2.7

Action                   |  1- 3 |  4- 6 || total
-------------------------+-------+-------++-------
Melee: Unarmed           |    17 |    13 ||    30
 Stab: Sleeping          |     1 |       ||     1
Armor: Robe              |     4 |     5 ||     9
Dodge: Dodged            |    11 |     4 ||    15

Table legend: (Time is in decaauts)
 A = Elapsed time spent in this place.
 B = Non-inter-level travel time spent in this place.
 C = Inter-level travel time spent in this place.
 D = Time resting spent in this place.
 E = Time spent auto-exploring this place.
 F = Levels seen in this place.
 G = Mean time per level.
                   A        B        C        D        E       F      G
               +--------+--------+--------+--------+--------+-----+--------+
         Total |     75 |     75 |      0 |      0 |     16 |   2 |   37.5 |
       Dungeon |     75 |     75 |      0 |      0 |     16 |   2 |   37.5 |
               +--------+--------+--------+--------+--------+-----+--------+

Top non-repeatable levels by time:
     D:6: 74 daAuts
     D:5: 1 daAuts
